 Dungeon Crawl Stone Soup version 0.29.1-12-g30fa7ad0bf (webtiles) character file.

Game seed: 12085460757365872230

38 Unglued128 the Magician (level 3, -1/21 HPs)
             Began as an Octopode Hedge Wizard on Jan 3, 2023.
             Slain by a gnoll
             ... wielding a +1 spear of freezing
              (8 damage)
             ... on level 2 of the Dungeon.
             The game lasted 00:09:19 (1837 turns).

Unglued128 the Magician (Octopode Hedge Wizard)     Turns: 1837, Time: 00:09:20

Health: -1/21      AC:  1    Str:  9    XL:     3   Next: 43%
Magic:  2/8        EV: 13    Int: 18    God:
Gold:   111        SH:  0    Dex: 11    Spells: 8/9 levels left

rFire   . . .      SeeInvis .   k - staff of conjuration
rCold   . . .      Faith    .   (no shield)
rNeg    . . .      Spirit   .   b - +0 hat
rPois   .          Reflect  .   (no amulet)
rElec   .          Harm     .   (no ring)
rCorr   .          Rampage  .   (no ring)
Will    .....                   (no ring)
Stlth   +++.......              (no ring)
HPRegen 0.07/turn               (no ring)
MPRegen 0.11/turn               (no ring)
                                (no ring)
                                (no ring)

@: no status effects
A: almost no armour, amphibious, 8 rings, camouflage 1, gelatinous body 1,
(nimble swimmer 1), tentacles
a: no special abilities


You were on level 2 of the Dungeon.
You visited 1 branch of the dungeon, and saw 2 of its levels.

You collected 111 gold pieces.

Inventory:

Hand Weapons
 a - a +0 dagger
Missiles
 i - 2 poisoned darts
Armour
 b - a +0 hat (worn)
Magical Staves
 g - a staff of conjuration
 k - a staff of conjuration (weapon)
Scrolls
 e - a scroll of noise {unknown}
 f - a scroll of identify
Potions
 c - a potion of magic
 d - 2 potions of curing
 h - a potion of ambrosia {unknown}


   Skills:
 + Level 2.2 Dodging
 + Level 3.0 Stealth
 + Level 3.8 Spellcasting
 + Level 1.2 Conjurations
 + Level 1.2 Summonings
 + Level 1.0 Translocations


You had 8 spell levels left.
You knew the following spells:

 Your Spells              Type           Power      Damage    Failure   Level
a - Magic Dart            Conj           44%        1d5       9%          1

Your spell library contained the following spells:

 Spells                   Type           Power      Damage    Failure   Level
 Call Imp                 Summ           7%         N/A       14%         2
 Slow                     Hex            12%        N/A       16%         1
 Blink                    Tloc           14%        N/A       16%         2
 Conjure Flame            Conj/Fire      8%         6-21      34%         3
 Mephitic Cloud           Conj/Pois/Air  7%         N/A       36%         3


Dungeon Overview and Level Annotations

Branches:
Dungeon (2/15)

Altars:


Innate Abilities, Weirdness & Mutations

You cannot wear most types of armour.
You are amphibious.
You can wear up to eight rings at the same time.
Your skin changes colour to match your surroundings (Stealth+).
Your rubbery body absorbs attacks. (AC +1, EV +1)
((You are camouflaged when in or above water. (Stealth+)))
You have tentacles for arms and can constrict up to eight enemies at once.


Message History

A gnoll is nearby!
Casting: Magic Dart (safe; 9% risk of failure)
Confirm with . or Enter, or press ? or * to list all spells.
Aiming: Magic Dart (safe; 9% risk of failure)
Press: ? - help, Shift-Dir - straight line, f - gnoll
Aim: a gnoll, wielding a +1 spear of freezing (wandering, hasn't noticed you, 100% to hit)
You feel a surge of power!
The magic dart hits the gnoll.
The gnoll is moderately wounded.
The gnoll shouts!
The gnoll barely misses you.
Casting: Magic Dart (safe; 9% risk of failure)
Confirm with . or Enter, or press ? or * to list all spells.
Aiming: Magic Dart (safe; 9% risk of failure)
Press: ? - help, Shift-Dir - straight line, f/p - gnoll
Aim: a gnoll, wielding a +1 spear of freezing (moderately wounded, 100% to hit)
You feel a surge of power!
The magic dart hits the gnoll.
The gnoll is moderately wounded.
The gnoll misses you.
Casting: Magic Dart (safe; 9% risk of failure)
Confirm with . or Enter, or press ? or * to list all spells.
Aiming: Magic Dart (safe; 9% risk of failure)
Press: ? - help, Shift-Dir - straight line, f/p - gnoll
Aim: a gnoll, wielding a +1 spear of freezing (moderately wounded, 100% to hit)
You feel a surge of power!
The magic dart hits the gnoll but does no damage.
The gnoll is moderately wounded.
The gnoll closely misses you. The gnoll barely misses you.
You see here a dart slug corpse.
You hit the gnoll. You grab the gnoll.
The gnoll is heavily wounded.
You constrict the gnoll, but do no damage.
The gnoll barely misses you.
The gnoll hits you with a +1 spear of freezing!
The gnoll freezes you.
You barely miss the gnoll.
The gnoll is heavily wounded.
You constrict the gnoll.
The gnoll hits you with a +1 spear of freezing!
You die...

.##.#..#
##?#....####
###.###
###.#))# #....#
#.# ##.##[#
#....# #..
#...#.# #
#....# # ##
#.....#
#.##.#.#
#...#.#
#....|.#
#####.#
...###.### ..##
#.# #)..# (...
..J #@### ..##
##.
......g.....#
###
...###..#...###
#. ....###.#
..... .# .....
.# ...# # ##.


You could see a gnoll.

Vanquished Creatures
  2 dart slugs
  3 bats
  5 endoplasms
  3 giant cockroaches
  A hobgoblin (D:1)
  4 kobolds
  A quokka (D:1)
  A ball python (D:1)
  5 frilled lizards (D:1)
  4 goblins
  3 rats (D:1)
32 creatures vanquished.

Notes
Turn   | Place    | Note
-------+----------+-------------------------------------------
     0 | D:1      | Unglued128 the Octopode Hedge Wizard began the quest for
                  | the Orb.
     0 | D:1      | Reached XP level 1. HP: 11/11 MP: 4/4
   248 | D:1      | Reached XP level 2. HP: 8/17 MP: 0/6
  1070 | D:1      | Reached XP level 3. HP: 21/21 MP: 4/8
  1837 | D:2      | Slain by a gnoll

Illustrated notes

Levels and vault maps discovered:
D:1:      dpeg_arrival_radiant, layout_loops_ring, minmay_misc_feat_hallway,
          minmay_lizard_pond
D:2:      layout_loops_cross

Skill      XL: |  1  2 |
---------------+-------+-----
Stealth        | 3 |  3.0
Dodging        | |  2.2
Spellcasting   | |  3.8
Conjurations   | |  1.2
Summonings     | |  1.2
Translocations | |  1.0

Action                   || total
-------------------------++-------
Melee: Dagger            ||    16
       Tentacles         ||     5
       Constrict         ||     6
       Staff             ||     4
 Cast: Magic Dart        ||    76
  Use: Scroll            ||     5
Armor: Skin              ||     1
Dodge: Dodged            ||    19
